 Dungeon Crawl Stone Soup version 0.29-a0-422-gafbd6decc1 (webtiles) character file.

Game seed: 397517522314224748

345 bande the Twirler (level 6, -2/36 (51) HPs)
             Began as a Minotaur Gladiator on May 18, 2022.
             Was an Initiate of Okawaru.
             Slain by Edmund
             ... wielding a +3 flail of draining
              (8 damage)
             ... on level 5 of the Dungeon.
             The game lasted 00:08:34 (4283 turns).

bande the Twirler (Minotaur Gladiator)              Turns: 4283, Time: 00:08:34

HP:   -2/36 (51)    AC:  9    Str: 18    XL:     6   Next: 32%
MP:   5/5           EV:  9    Int:  5    God:    Okawaru [......]
Gold: 230           SH:  0    Dex: 16    Spells: 1/5 levels left

rFire   . . .      SeeInvis .   a - +0 quarterstaff
rCold   . . .      Faith    .   (shield currently unavailable)
rNeg    . . .      Spirit   .   i - +0 chain mail
rPois   .          Reflect  .   c - +0 hat
rElec   .          Harm     .   (no cloak)
rCorr   .          Rampage  .   (no gloves)
Will    .....                   (no boots)
Stlth   ..........              (no amulet)
HPRegen 0.12/turn               (no ring)
MPRegen 0.09/turn               (no ring)

@: marked, very heavily drained
A: horns 2, retaliatory headbutt, agile 1, wild magic 1
a: Renounce Religion


You were on level 5 of the Dungeon.
You worshipped Okawaru.
Okawaru was noncommittal.
You visited 2 branches of the dungeon, and saw 6 of its levels.

You collected 230 gold pieces.

Inventory:

Hand Weapons
 a - a +0 quarterstaff (weapon)
 g - a +0 shortbow
Missiles
 d - 3 throwing nets (quivered)
 e - 3 javelins
Armour
 c - a +0 hat (worn)
 i - a +0 chain mail (worn)
Scrolls
 b - 2 scrolls of teleportation
 m - 2 scrolls of fear
Potions
 j - 2 potions of curing


   Skills:
 + Level 3.3 Fighting
 + Level 6.1 Staves
 + Level 2.1 Throwing
 + Level 3.2 Armour
 + Level 4.1 Dodging
 - Level 0.1 Stealth
 * Level 1.2 Earth Magic
 * Level 1.1 Invocations


You had one spell level left.
You knew the following spells:

 Your Spells              Type           Power      Damage    Failure   Level
a - Petrify               Tmut/Erth      0%         N/A       100%        4

Your spell library contained the following spells:

 Spells                   Type           Power      Damage    Failure   Level
 Slow                     Hex            0%         N/A       100%        1
 Confusing Touch          Hex            0%         N/A       100%        3
 Vampiric Draining        Necr           0%         2d6       100%        3
 Metabolic Englaciation   Hex/Ice        0%         N/A       100%        5
 Statue Form              Tmut/Erth      0%         N/A       100%        6
 Orb of Destruction       Conj           0%         9d5       100%        7
 Summon Guardian Golem    Hex/Summ       Unusable   N/A       N/A         3
 Spellforged Servitor     Conj/Summ      Unusable   N/A       N/A         7

Dungeon Overview and Level Annotations

Branches:
Dungeon (5/15)             Temple (1/1) D:4

Altars:
Ashenzari
Cheibriados
Dithmenos
Elyvilon
Gozag
Kikubaaqudgha
Makhleb
Nemelex Xobeh
Okawaru
Qazlal
Sif Muna
Trog
Uskayaw
Vehumet
Wu Jian
Xom
Yredelemnul
Zin

Shops:
D:5 (=

Annotations:
D:5 Edmund, Eustachio


Innate Abilities, Weirdness & Mutations

You have a pair of horns on your head.
You reflexively headbutt those who attack you in melee.
You are agile. (Dex +2)
Your spells are a little harder to cast, but a little more powerful.


Message History

Edmund attacks as you move away!
Edmund hits you with a +3 flail of draining!
You feel drained. Edmund attacks as you move away!
Edmund hits you with a +3 flail of draining!
You feel drained.
A gnoll comes into view. It is wielding a +0 halberd.
You barely miss Edmund. You headbutt Edmund!
Edmund is moderately wounded.
Edmund barely misses you.
You hit Edmund but do no damage.
Edmund is moderately wounded.
Edmund hits you with a +3 flail of draining.
You feel drained.
You hit Edmund but do no damage.
Edmund is moderately wounded.
Edmund closely misses you. You furiously retaliate!
You headbutt Edmund. You barely miss Edmund.
Edmund is moderately wounded.
Edmund hits you with a +3 flail of draining.
* * * LOW HITPOINT WARNING * * *
You feel drained.
* * * LOW HITPOINT WARNING * * *
You hit Edmund. Your headbutt misses Edmund.
Edmund is heavily wounded.
Edmund barely misses you.
Unknown command.
You feel better. Edmund hits you but does no damage.
You feel drained.
It was a potion of magic.
Magic courses through your body. Edmund hits you but does no damage.
You feel drained.
You completely miss Edmund.
Edmund is heavily wounded.
Edmund hits you with a +3 flail of draining!
* * * LOW HITPOINT WARNING * * *
You feel drained.
* * * LOW HITPOINT WARNING * * *
You hit Edmund but do no damage.
Edmund is heavily wounded.
Edmund hits you with a +3 flail of draining!
You die...

#...⌠.⌠.⌠......♣∩
#..♣.♣.♣.♣....S.
#...⌠.∩.⌠...@.#
#..♣.♣.♣.♣....#
#...⌠†⌠.⌠.....
#..♣.♣.♣.♣.###
#.......g..#
#.....gg###########
#######gr@@.....>.+
#############


You could see Edmund, a gnoll shaman, 2 gnolls and a quokka (summoned).

Vanquished Creatures
  A phantom (D:4)
  A hound (D:4)
  An orc priest (D:3)
  An orc wizard (D:4)
  Robin (D:2)
  A gnoll (D:2)
  7 adders
  A white imp (D:4)
  A worm (D:2)
  2 dart slugs (D:4)
  10 orcs
  2 ball pythons
  2 bats
  9 endoplasms
  A giant cockroach (D:2)
  4 hobgoblins
  8 jackals
  4 kobolds
  4 quokkas
  3 frilled lizards
  12 goblins
  7 rats
83 creatures vanquished.

Notes
Turn   | Place    | Note
-------+----------+-------------------------------------------
     0 | D:1      | bande the Minotaur Gladiator began the quest for the Orb.
     0 | D:1      | Reached XP level 1. HP: 18/18 MP: 0/0
   349 | D:1      | Reached XP level 2. HP: 25/25 MP: 1/1
   640 | D:2      | Reached skill level 4 in Staves
   819 | D:2      | Reached XP level 3. HP: 29/30 MP: 2/2
  1201 | D:2      | Noticed Robin
  1220 | D:2      | Killed Robin
  1224 | D:2      | Reached XP level 4. HP: 26/37 MP: 3/3
  1225 | D:2      | Reached skill level 5 in Staves
  1226 | D:2      | Reached skill level 1 in Armour
  1500 | D:2      | Identified the +1 robe of the Villain {Regen+ Int+2 Stlth+}
  2311 | D:3      | Reached XP level 5. HP: 32/45 MP: 4/4
  2699 | D:3      | Gained mutation: Your spells are a little harder to cast,
                  | but a little more powerful. [potion of mutation]
  2699 | D:3      | Gained mutation: You are agile. (Dex +2) [potion of
                  | mutation]
  2709 | D:3      | Learned a level 4 spell: Petrify
  2918 | D:4      | Identified the +1 robe "Tomoweho" {rC++ rCorr Dex+2}
  3073 | D:4      | Found a staircase to the Ecumenical Temple.
  3111 | Temple   | Entered the Ecumenical Temple
  3210 | Temple   | Became a worshipper of Warmaster Okawaru
  3271 | D:4      | Noticed a phantom
  3276 | D:4      | Killed a phantom
  3411 | D:4      | Reached skill level 6 in Staves
  3446 | D:4      | Reached skill level 1 in Earth Magic
  3446 | D:4      | Reached XP level 6. HP: 12/51 MP: 5/5
  3966 | D:4      | Found a hide-covered altar of Uskayaw.
  3966 | D:4      | Found a shadowy altar of Dithmenos.
  3969 | D:4      | Found a basalt altar of Yredelemnul.
  4128 | D:5      | Entered Level 5 of the Dungeon
  4161 | D:5      | Found Ruzusufe's Antique Weapon Boutique.
  4219 | D:5      | Reached skill level 1 in Invocations
  4248 | D:5      | Noticed Eustachio
  4249 | D:5      | Found Suecavvi's Jewellery Boutique.
  4267 | D:5      | Noticed Edmund
  4283 | D:5      | Slain by Edmund

Illustrated notes

Levels and vault maps discovered:
D:1:      evilmike_arrival_crescent, layout_rooms,
          hangedman_abyss_or_decor_lesser_grid
D:2:      layout_basic, cheibrodos_gnoll_hut, uniq_robin
D:3:      layout_basic
D:4:      layout_loops_corners, gammafunk_temple_overflow_forgotten,
          minmay_temple_entry_large_hall
D:5:      layout_rooms, serial_shops, kennysheep_mini, shop_fountains,
          nicolae_shop_trees, minmay_shop_grid_forest, minivault_23,
          uniq_eustachio, uniq_edmund
Temple:   nicolae_temple_elliptical

Skill      XL: |  1  2  3  4  5  6 |
---------------+-------------------+-----
Staves         | 4 5 6 |  6.1
Dodging        | 4 |  4.1
Armour         | 2 3 |  3.2
Fighting       | 3 |  3.3
Earth Magic    | 1 |  1.2
Invocations    | 1 |  1.1
Throwing       | |  2.1
Stealth        | |  0.1

Action                   |  1- 3 |  4- 6 || total
-------------------------+-------+-------++-------
Melee: Quarterstaff      |    69 |   125 ||   194
       Headbutt          |    12 |    22 ||    34
  Use: Scroll            |     7 |     4 ||    11
       Potion            |       |     7 ||     7
Armor: Chain mail        |    46 |    61 ||   107
       Leather armour    |     3 |       ||     3
Dodge: Dodged            |    31 |    55 ||    86

Table legend: (Time is in decaauts)
 A = Elapsed time spent in this place.
 B = Non-inter-level travel time spent in this place.
 C = Inter-level travel time spent in this place.
 D = Time resting spent in this place.
 E = Time spent auto-exploring this place.
 F = Levels seen in this place.
 G = Mean time per level.
                   A        B        C        D        E       F      G
               +--------+--------+--------+--------+--------+-----+--------+
         Total |   4293 |   4207 |     86 |    720 |   2689 |   6 |  715.5 |
       Dungeon |   4164 |   4078 |     86 |    720 |   2605 |   5 |  832.8 |
        Temple |    128 |    128 |      0 |      0 |     84 |   1 |  128.0 |
               +--------+--------+--------+--------+--------+-----+--------+

Top non-repeatable levels by time:
     D:2: 1261 daAuts
     D:4: 1213 daAuts
     D:3: 897 daAuts
     D:1: 636 daAuts
     D:5: 154 daAuts
  Temple: 128 daAuts
